 Dungeon Sprint DCSS version 0.18-a0-1273-g8ec5f8e (webtiles) character file.

366 pipel the Zephyrmancer (level 6, -5/35 HPs)
             Began as a Tengu Air Elementalist on Feb 7, 2016.
             Was a Believer of Cheibriados.
             Slain by a slime creature (7 damage)
             ... in the Dungeon (Sprint IX: "|||||||||||||||||||||||||||||").
             The game lasted 00:03:25 (323 turns).

pipel the Zephyrmancer (Tengu Air Elementalist)      Turns: 323, Time: 00:03:25

Health: -5/35      AC:  9    Str: 16    XL:     6   Next: 68%
Magic:  2/16       EV: 16    Int: 21    God:    Cheibriados [**....]
Gold:   0          SH:  0    Dex: 18    Spells: 4 memorised, 6 levels left

rFire  . . .     SeeInvis .     a - +2 dire flail (protect)
rCold  . . .     Gourm    .     p - +0 robe
rNeg   . . .     Faith    .     (shield currently unavailable)
rPois  .         Spirit   .     (helmet restricted)
rElec  .         Dismiss  .     (no cloak)
rCorr  .         Reflect  .     (no gloves)
SustAt .         Harm     .     (boots unavailable)
MR     .....     NoTele   +     (no amulet)
Stlth  +++.......               t - +2 ring of protection
                                s - +3 ring of strength

@: very slightly contaminated, repel missiles, very slow, not resistant to
hostile enchantments, fairly stealthy
A: beak, talons 3, able to fly 1
a: Fly, Bend Time, Renounce Religion


You were in the Dungeon.
You worshipped Cheibriados.
Cheibriados was pleased with you.
You were not hungry.

You visited 1 branch

Inventory:

Hand Weapons
 a - a +2 dire flail of protection (weapon)
 e - a +0 trident
 q - a +2 vampiric scimitar
 v - a +0 dagger of freezing
Armour
 j - a +1 scale mail
 p - a +0 robe (worn)
 r - a +0 helmet
Magical Staves
 b - an uncursed staff of energy
Jewellery
 s - a +3 ring of strength (left hand)
 t - a +2 ring of protection (right hand)
Wands
 n - a wand of acid (7/15)
Scrolls
 i - 2 scrolls of blinking
 l - 3 scrolls of remove curse
 m - 2 scrolls of amnesia
Potions
 d - 5 potions of curing
 f - a potion of haste
 g - 4 potions of magic
 h - a potion of invisibility
 k - 2 potions of heal wounds
Books
 o - a book of Air

   Spells                             Type                      Level
   a - Shock                          Conjuration/Air              1
   b - Swiftness                      Charms/Air                   2
   c - Repel Missiles                 Charms/Air                   2
   d - Static Discharge               Conjuration/Air              3
   e - Lightning Bolt                 Conjuration/Air              5
Comestibles
 c - a bread ration
 u - 3 chunks of flesh


   Skills:
 + Level 2.0 Fighting
 + Level 5.9 Dodging
 - Level 3.4 Stealth
 - Level 1.2 Unarmed Combat
 + Level 6.0 Spellcasting
 + Level 4.8 Conjurations
 + Level 1.0 Charms
 + Level 12.8 Air Magic


You had 6 spell levels left.
You knew the following spells:

 Your Spells              Type           Power        Failure   Level  Hunger
a - Shock                 Conj/Air       ####         1%          1    None
b - Repel Missiles        Chrm/Air       #####.       1%          2    None
c - Static Discharge      Conj/Air       #####...     1%          3    ##.....
d - Lightning Bolt        Conj/Air       #####.....   10%         5    #####..


Dungeon Overview and Level Annotations

Branches:
Dungeon (1/1)

Altars:
Cheibriados
Dithmenos
Elyvilon
Fedhas
Gozag
Kikubaaqudgha
Makhleb
Nemelex Xobeh
Okawaru
Pakellas
Qazlal
Ru
Sif Muna
Trog
Vehumet
Xom
Yredelemnul
Zin
The Shining One
Beogh
Jiyva
Lugonu


Innate Abilities, Weirdness & Mutations

You have a beak for a mouth.
You have claws for feet.
You can fly.


Message History

Unknown command.
You feel protected!
a - a +2 dire flail of protection (weapon)
You hit the slime creature.
The slime creature is moderately wounded.
The slime creature misses you. The slime creature closely misses you.
Okay, then.
You hit the slime creature. You claw the slime creature.
The slime creature is heavily wounded.
The slime creature hits you!
* * * LOW HITPOINT WARNING * * *
You take 15 damage, and have 1/35 hp.
MASSIVE DAMAGE!!
Unknown command.
You puncture the slime creature! Your kick misses the slime creature.
The slime creature is severely wounded.
The slime creature misses you.
You hit the slime creature.
The slime creature is severely wounded.
The slime creature hits you!
You die...

▓.▓
▓5▓
▓5▓
▓c▓
▓H▓
▓.▓
▓J▓
▓@▓
▓.▓
▓)▓
▓.▓
▓[▓
▓÷▓
▓'▓
▓.▓
▓.▓


You could see a griffon, a slime creature, a centaur warrior, a crimson imp and
a shadow imp.

Vanquished Creatures
  An ogre (D)
  A giant frog (D)
  2 scorpions (D)
  A crimson imp (D)
  An iguana (D)
  An orc wizard (D)
  An orc (D)
  A hobgoblin (D)
  A bat (D)
  A giant gecko skeleton (D)
  A giant gecko zombie (D)
  2 kobolds (D)
  A rat (D)
15 creatures vanquished.

Vanquished Creatures (others)
  A wight (D)
1 creature vanquished.

Grand Total: 16 creatures vanquished

Notes
Turn   | Place    | Note
--------------------------------------------------------------
     0 | D        | pipel the Tengu Air Elementalist began the quest for the Orb.
     0 | D        | Reached XP level 1. HP: 10/10 MP: 4/4
    10 | D        | Reached skill level 5 in Air Magic
   100 | D        | Noticed an ogre
   100 | D        | Noticed an iguana
   105 | D        | Reached XP level 2. HP: 7/15 MP: 0/6
   115 | D        | Reached skill level 7 in Air Magic
   115 | D        | Reached XP level 3. HP: 13/20 MP: 1/8
   116 | D        | Killed an ogre
   116 | D        | Reached skill level 1 in Unarmed Combat
   116 | D        | Reached skill level 9 in Air Magic
   116 | D        | Reached XP level 4. HP: 15/24 MP: 1/11
   123 | D        | Found a glowing silver altar of Zin.
   123 | D        | Found a glowing golden altar of the Shining One.
   123 | D        | Found an ancient bone altar of Kikubaaqudgha.
   123 | D        | Found a basalt altar of Yredelemnul.
   123 | D        | Found a shimmering altar of Xom.
   123 | D        | Found a radiant altar of Vehumet.
   124 | D        | Found an iron altar of Okawaru.
   125 | D        | Found a burning altar of Makhleb.
   126 | D        | Found a deep blue altar of Sif Muna.
   127 | D        | Found a bloodstained altar of Trog.
   128 | D        | Found a sparkling altar of Nemelex Xobeh.
   129 | D        | Found a white marble altar of Elyvilon.
   130 | D        | Found a roughly hewn altar of Beogh.
   131 | D        | Found a viscous altar of Jiyva.
   132 | D        | Found a corrupted altar of Lugonu.
   133 | D        | Found a blossoming altar of Fedhas.
   134 | D        | Found a snail-covered altar of Cheibriados.
   135 | D        | Found a shadowy altar of Dithmenos.
   136 | D        | Found a stormy altar of Qazlal.
   137 | D        | Found an opulent altar of Gozag.
   138 | D        | Found a sacrificial altar of Ru.
   139 | D        | Found an oddly glowing altar of Pakellas.
   142 | D        | Became a worshipper of Cheibriados the Contemplative
   146 | D        | Learned a level 2 spell: Repel Missiles
   151 | D        | Learned a level 3 spell: Static Discharge
   275 | D        | Noticed a giant frog
   278 | D        | Reached skill level 1 in Fighting
   278 | D        | Reached skill level 10 in Air Magic
   278 | D        | Gained mutation: You can fly. [Tengu growth]
   278 | D        | Reached XP level 5. HP: 27/29 MP: 8/12
   279 | D        | Reached skill level 5 in Dodging
   279 | D        | Reached skill level 11 in Air Magic
   279 | D        | Reached skill level 5 in Spellcasting
   279 | D        | Reached XP level 6. HP: 31/34 MP: 7/14
   280 | D        | Reached * piety under Cheibriados
   282 | D        | Reached skill level 12 in Air Magic
   282 | D        | Reached ** piety under Cheibriados
   282 | D        | Reached skill level 1 in Charms
   314 | D        | Learned a level 5 spell: Lightning Bolt
   315 | D        | Noticed a centaur warrior
   315 | D        | Noticed a griffon
   315 | D        | Noticed a slime creature
   321 | D        | HP: 1/35 [slime creature (15)]
   323 | D        | Slain by a slime creature

Vault maps used:
D:        linesprint

Action                   |  1- 3 |  4- 6 || total
-------------------------+-------+-------++-------
Melee: Unarmed           |    10 |       ||    10
       Dire flail        |       |     4 ||     4
 Cast: Shock             |     6 |     7 ||    13
       Repel Missiles    |       |     1 ||     1
       Lightning Bolt    |       |     2 ||     2
Evoke: Staff of energy   |       |     3 ||     3
  Use: Potion            |     2 |       ||     2
